 Dungeon Crawl Stone Soup version 0.18.1-47-g9310371 (console) character file.

624 Kloppie the Shield-Bearer (level 7, -1/56 HPs)
             Began as a Formicid Fighter on June 19, 2016.
             Was a Follower of Okawaru.
             Slain by an ogre
             ... wielding a +0 giant spiked club
              (16 damage)
             ... on level 5 of the Dungeon.
             The game lasted 00:06:15 (4193 turns).

Kloppie the Shield-Bearer (Formicid Fighter)        Turns: 4193, Time: 00:06:16

Health: -1/56      AC: 10    Str: 23    XL:     7   Next: 76%
Magic:  14/14      EV:  7    Int:  8    God:    Okawaru [*.....]
Gold:   257        SH: 10    Dex: 12    Spells: 0 memorised, 6 levels left

rFire  . . .     SeeInvis +     a - +0 war axe
rCold  . . .     Gourm    .     p - +2 chain mail {rN+}
rNeg   + . .     Faith    .     c - +0 shield
rPois  .         Spirit   .     (helmet unavailable)
rElec  .         Dismiss  .     (no cloak)
rCorr  .         Reflect  .     (no gloves)
SustAt .         Harm     .     (no boots)
MR     .....                    (no amulet)
Stlth  ..........               i - +3 ring of protection
                                h - ring of magical power

@: mighty, not resistant to hostile enchantments, extremely unstealthy
A: permanent stasis, dig shafts and tunnels, four strong arms, antennae 3,
deformed body, low mp 2, weak 1, subdued magic 1
a: Dig, Shaft Self, Heroism, Renounce Religion


You were on level 5 of the Dungeon.
You worshipped Okawaru.
Okawaru was aware of your devotion.
You were not hungry.

You visited 1 branch of the dungeon, and saw 5 of its levels.

You collected 257 gold pieces.

Inventory:

Hand Weapons
 a - a +0 war axe (weapon)
Armour
 c - a +0 shield (worn)
 p - a +2 chain mail of positive energy (worn)
Jewellery
 h - a ring of magical power (left hand)
 i - a +3 ring of protection (right hand)
Wands
 m - a wand of flame (24/48)
 w - a wand of lightning (6/15)
Scrolls
 n - 3 scrolls of remove curse
 o - a scroll of enchant armour {unknown}
 r - a scroll of fear {unknown}
 s - a scroll of immolation {unknown}
Potions
 b - a potion of ambrosia
 e - 3 potions of resistance
 j - a potion of magic {unknown}
 l - 3 potions of curing {unknown}
 q - 4 potions of degeneration {unknown}
 t - a potion of heal wounds {unknown}
 u - a potion of agility {unknown}
Comestibles
 f - 3 bread rations
 g - a meat ration
 v - a slice of pizza


   Skills:
 + Level 5.4 Fighting
 + Level 4.1 Axes
 + Level 5.4 Armour
 + Level 5.9 Shields


You had 6 spell levels left.
You didn't know any spells.

Dungeon Overview and Level Annotations

Branches:
Dungeon (5/15)
 Temple: D:4-7

Altars:
Dithmenos
Gozag
Kikubaaqudgha
Makhleb
Nemelex Xobeh
Okawaru


Innate Abilities, Weirdness & Mutations

You are under a permanent stasis effect.
You can dig through walls and to a lower floor.
Your four strong arms can wield two-handed weapons with a shield.
You have a pair of large antennae on your head (SInv).
Armour fits poorly on your strangely shaped body.
Your magical capacity is very low (-20% MP).
You are weak. (Str -2)
Your spells are a little easier to cast, but a little less powerful.


Message History

You open the door.
There is an open door here.
You open the door.
An ogre comes into view. It is wielding a giant spiked club.
The ogre shouts!
The ogre closely misses you.
Found a glowing ivory ring and a glowing orange potion.
There is an open door here.
You barely miss the ogre.
Your shield and chain mail prevent you from hitting the ogre.
The ogre hits you with a giant spiked club!!
Your chain mail prevents you from hitting the ogre.
The ogre hits you with a giant spiked club!!
* * * LOW HITPOINT WARNING * * *
You are too injured to fight recklessly!
You are too injured to fight recklessly!
Drink which item? (? for menu, Esc to quit)
You feel very mighty all of a sudden.
The ogre hits you with a giant spiked club!
You die...

#..............#....
#..............####+
##########....<.....
#...!...#..........
#.......#..........
#.......#..........
#.......#..........
#..O..=.#..........
###@######..........
#...........#######.
#...........# #.
#...........# #.
#...........# #.
#...........# #.
#...........# #.
#...........# #.
####+#########+#####


You could see an ogre.

Vanquished Creatures
  An ice beast (D:5)
  A sky beast (D:5)
  A scorpion (D:4)
  A howler monkey (D:4)
  A hound (D:4)
  2 orc priests
  Terence (D:2)
  An iguana (D:4)
  An orc wizard (D:3)
  2 worker ants
  5 adders
  2 worms (D:4)
  4 dart slugs
  2 giant geckos (D:3)
  12 orcs
  5 giant cockroaches
  3 goblins
  5 hobgoblins
  6 jackals
  5 kobolds
  2 quokkas
  A ball python (D:2)
  7 bats
  A giant gecko skeleton (D:4)
  A giant gecko zombie (D:5)
  A giant newt (D:3)
  5 rats
79 creatures vanquished.

Notes
Turn   | Place    | Note
--------------------------------------------------------------
     0 | D:1      | Kloppie the Formicid Fighter began the quest for the Orb.
     0 | D:1      | Reached XP level 1. HP: 18/18 MP: 1/1
   326 | D:1      | Reached XP level 2. HP: 19/24 MP: 2/2
   922 | D:2      | Reached XP level 3. HP: 29/29 MP: 3/3
  1130 | D:2      | Noticed Terence
  1154 | D:2      | Killed Terence
  1154 | D:2      | Reached XP level 4. HP: 21/37 MP: 4/4
  1931 | D:3      | Reached XP level 5. HP: 24/42 MP: 5/5
  2493 | D:3      | Found a burning altar of Makhleb.
  2552 | D:3      | Found a shadowy altar of Dithmenos.
  2597 | D:3      | Reached XP level 6. HP: 24/49 MP: 6/6
  2804 | D:3      | Reached skill level 5 in Shields
  3084 | D:4      | Found a sparkling altar of Nemelex Xobeh.
  3085 | D:4      | Found an opulent altar of Gozag.
  3127 | D:4      | Got a pitted spear
  3128 | D:4      | Identified the cursed +1 spear of Conservatism {venom, rPois MR+ Str+3 Dex-2} (You found it on level 4 of the Dungeon)
  3149 | D:4      | Found an iron altar of Okawaru.
  3175 | D:4      | Became a worshipper of Warmaster Okawaru
  3255 | D:4      | Found an ancient bone altar of Kikubaaqudgha.
  3293 | D:4      | Reached XP level 7. HP: 50/55 MP: 7/7
  3331 | D:4      | Reached skill level 5 in Armour
  3412 | D:4      | Reached skill level 5 in Fighting
  3819 | D:5      | Entered Level 5 of the Dungeon
  3852 | D:5      | Gained mutation: Armour fits poorly on your strangely shaped body. [potion of mutation]
  3852 | D:5      | Gained mutation: Your spells are a little easier to cast, but a little less powerful. [potion of mutation]
  3852 | D:5      | Gained mutation: Your magical capacity is low (-10% MP). [potion of mutation]
  3853 | D:5      | Gained mutation: Your magical capacity is very low (-20% MP). [mutagenic meat]
  3854 | D:5      | Gained mutation: You are weak. (Str -2) [mutagenic meat]
  3894 | D:5      | Reached * piety under Okawaru
  4193 | D:5      | Slain by an ogre

Skill      XL: |  1  2  3  4  5  6  7 |
---------------+----------------------+-----
Shields        | 4 5 |  5.9
Fighting       | 4 5 |  5.4
Armour         | 4 5 |  5.4
Axes           | 3 4 |  4.1

Action                   |  1- 3 |  4- 6 |  7- 9 || total
-------------------------+-------+-------+-------++-------
Melee: War axe           |    74 |   197 |    60 ||   331
  Use: Scroll            |       |     4 |     3 ||     7
       Potion            |       |       |     2 ||     2
  Eat: Chunk             |     1 |     7 |     3 ||    11
       Meat ration       |       |       |     1 ||     1
Armor: Scale mail        |    44 |       |       ||    44
       Chain mail        |       |   118 |    31 ||   149
Dodge: Dodged            |    20 |    52 |    11 ||    83
Block: Shield            |    44 |   107 |    26 ||   177
